 Dungeon Crawl Stone Soup version 0.28.0-53-g5a82cb258f (webtiles) character file.

Game seed: 3926474311493538900

631 cbfl8 the Chopper (level 7, -3/91 HPs)
             Began as a Minotaur Berserker on July 23, 2022.
             Was a Priest of Trog.
             Slain by an orc
             ... wielding a staff of cold
              (5 damage)
             ... on level 4 of the Dungeon.
             The game lasted 00:04:12 (4360 turns).

cbfl8 the Chopper (Minotaur Berserker)              Turns: 4360, Time: 00:04:12

Health: -3/91      AC:  0    Str: 21    XL:     7   Next: 24%
Magic:  6/6        EV: 11    Int:  4    God:    Trog [***...]
Gold:   169        SH:  0    Dex: 14    Spells: 6/6 levels left

rFire   . . .      SeeInvis +   t - +6 mace of Puckish Guile {drain, Dex+2}
rCold   . . .      Faith    .   (no shield)
rNeg    . . .      Spirit   .   k - +0 scale mail
rPois   .          Reflect  .   (helmet restricted)
rElec   .          Harm     .   (no cloak)
rCorr   .          Rampage  .   j - +0 pair of gloves
Will    .....                   (no boots)
Stlth   ..........              (no amulet)
HPRegen 0.25/turn               n - ring of see invisible
MPRegen 0.10/turn               (no ring)

@: berserking (expiring), corroded, very quick
A: horns 2, retaliatory headbutt
a: Renounce Religion, Berserk, Trog's Hand


You were on level 4 of the Dungeon.
You worshipped Trog.
Trog was most pleased with you.
You visited 1 branch of the dungeon, and saw 4 of its levels.

You collected 169 gold pieces.

Inventory:

Hand Weapons
 a - a +0 hand axe
 t - the +6 mace of Puckish Guile (weapon) {drain, Dex+2}
   (You found it on level 3 of the Dungeon)

   A truly terrible weapon, it drains the life of any living foe it strikes.
   Dex:       It affects your dexterity (+2).
Armour
 b - a +0 animal skin
 e - a +0 leather armour
 j - a +0 pair of gloves (worn)
 k - a +0 scale mail (worn)
Jewellery
 n - a ring of see invisible (left hand)
Scrolls
 c - 3 scrolls of identify {unknown}
 f - a scroll of enchant weapon {unknown}
 g - 4 scrolls of teleportation {unknown}
 i - 2 scrolls of vulnerability {unknown}
 l - a scroll of fog {unknown}
 m - a scroll of brand weapon {unknown}
 o - a scroll of blinking {unknown}
 p - a scroll of noise {unknown}
 s - a scroll of magic mapping {unknown}
 u - a scroll of amnesia {unknown}
Potions
 d - a potion of mutation {unknown}
 h - a potion of might {unknown}
 q - 2 potions of curing {unknown}
 r - a potion of heal wounds {unknown}
 v - a potion of degeneration {unknown}
 w - a potion of attraction {unknown}
 x - a potion of flight {unknown}


   Skills:
 * Level 5.5 Fighting
 + Level 6.0(6.3) Axes
 + Level 2.9(4.8) Maces & Flails
 + Level 4.5 Armour
 * Level 3.6 Dodging
 * Level 2.1 Stealth


You had 6 spell levels left.
You didn't know any spells.
Your spell library was empty.

Dungeon Overview and Level Annotations

Branches:
Dungeon (4/15)
 Temple: D:4-7

Altars:
Vehumet


Innate Abilities, Weirdness & Mutations

You have a pair of horns on your head.
You reflexively headbutt those who attack you in melee.


Message History

Ijyb the Twisted Goblin comes into view.
She is wielding a +0 dagger and carrying a wand of acid (6).
Ijyb zaps a wand.
The bolt of acid misses you.
Ijyb is nearby!
An orc wizard comes into view. It is wielding a +2 dagger of venom.
The orc wizard shouts!
Ijyb zaps a wand.
The bolt of acid hits you!! The acid corrodes you!
There are monsters nearby!
Ijyb screams, "I cut your head off!"
An orc comes into view. It is wielding a staff of cold.
There are monsters nearby!
The orc shouts!
You hear a shout!
Ijyb hits you but does no damage.
The orc wizard casts a spell.
The orc wizard flickers and vanishes for a moment.
There are monsters nearby!
You hit Ijyb but do no damage.
Ijyb zaps a wand.
The bolt of acid hits you! Ijyb completely misses you.
A red film seems to cover your vision as you go berserk!
You feel yourself moving faster!
You feel mighty!
Ijyb zaps a wand.
The bolt of acid hits you!!
* * * LOW HITPOINT WARNING * * *
The acid corrodes you!
You hit Ijyb. You drain Ijyb.
Ijyb is moderately wounded.
You hit Ijyb.
Ijyb is heavily wounded.
Ijyb hits you with a +0 dagger.
* * * LOW HITPOINT WARNING * * *
An orc wizard comes into view.
It is wielding a +0 dagger and wearing a +2 robe of cold resistance.
You closely miss Ijyb. You headbutt Ijyb, but do no damage.
Ijyb is heavily wounded.
Ijyb hits you with a +0 dagger.
* * * LOW HITPOINT WARNING * * *
You thump Ijyb!
You kill Ijyb!
Trog accepts your kill.
The orc wizard hits you with a +2 dagger of venom.
* * * LOW HITPOINT WARNING * * *
The orc hits you with a staff of cold.
You die...

#.###.....## #.# ##...##
... #.# ##'## ... ##.#
#.# .. ...# #.# .. .###
##.## .# § .#
####...#### .# ...
.###.........####o#.§.8.
................@o.o....
####.###.###.#####......
#.........# #####
#####.##### #.# #.# #.#
#.#### #....##


You could see 2 orc wizards and an orc.

Vanquished Creatures
  Duvessa (D:4)
  A phantom (D:4)
  A bullfrog (D:4)
  Dowan (D:4)
  A gnoll shaman (D:4)
  Ijyb (D:4)
  A bullfrog skeleton (D:4)
  An iguana (D:4)
  A statue (D:3)
  2 hound skeletons
  Robin (D:3)
  4 gnolls (D:4)
  5 adders
  An adder zombie (D:3)
  2 worms (D:2)
  6 bats
  5 endoplasms
  4 giant cockroaches
  10 goblins
  10 hobgoblins
  3 jackals (D:1)
  6 kobolds
  3 quokkas
  8 ball pythons
  6 frilled lizards
  7 rats
92 creatures vanquished.

Vanquished Creatures (others)
  2 withered plants (D:3)
2 creatures vanquished.

Grand Total: 94 creatures vanquished

Notes
Turn   | Place    | Note
-------+----------+-------------------------------------------
     0 | D:1      | cbfl8 the Minotaur Berserker began the quest for the Orb.
     0 | D:1      | Reached XP level 1. HP: 19/19 MP: 0/0
    22 | D:1      | Reached skill level 4 in Axes
   102 | D:1      | Reached XP level 2. HP: 7/27 MP: 1/1
  1077 | D:1      | Reached ** piety under Trog
  1094 | D:1      | Reached XP level 3. HP: 29/33 MP: 2/2
  1206 | D:1      | Found a faded altar of an unknown god.
  2144 | D:2      | Reached skill level 5 in Axes
  2144 | D:2      | Reached XP level 4. HP: 41/41 MP: 3/3
  2557 | D:3      | Noticed Robin
  2845 | D:3      | Killed Robin
  3022 | D:3      | Reached XP level 5. HP: 30/47 MP: 4/4
  3030 | D:3      | Identified the +6 mace of Puckish Guile {drain, Dex+2}
  3265 | D:3      | Reached *** piety under Trog
  3372 | D:3      | Found a radiant altar of Vehumet.
  3372 | D:3      | Noticed a frost-covered statue
  3380 | D:3      | Killed a frost-covered statue
  3499 | D:4      | Reached skill level 1 in Stealth
  3682 | D:4      | Noticed Dowan
  3683 | D:4      | Noticed Duvessa
  3688 | D:4      | Killed Duvessa
  3689 | D:4      | Reached skill level 5 in Fighting
  3689 | D:4      | Reached skill level 1 in Maces & Flails
  3689 | D:4      | Reached XP level 6. HP: 56/56 MP: 5/5
  3689 | D:4      | Killed Dowan
  3800 | D:4      | Reached XP level 7. HP: 42/61 MP: 6/6
  4218 | D:4      | Reached skill level 6 in Axes
  4349 | D:4      | Noticed Ijyb
  4358 | D:4      | HP: 3/91 [Ijyb/+0 dagger (2)]
  4359 | D:4      | Killed Ijyb
  4360 | D:4      | Slain by an orc

Illustrated notes

Levels and vault maps discovered:
D:1:      lightli_arrival_quake, layout_basic, chequers_ecumenical_altar_island,
          kennysheep_pointless_box, minmay_misc_feat_x,
          hangedman_decor_clover_reticule, minmay_misc_feat_ornament
D:2:      layout_loops_cross
D:3:      layout_basic, vehumet_statue, serial_undead, serial_undead_f,
          serial_undead_b, serial_undead_c, serial_undead_d, uniq_robin
D:4:      layout_loops_corners, mainiacjoe_overflow_catwalk, uniq_duvessa,
          uniq_ijyb

Skill      XL: |  1  2  3  4  5  6  7 |
---------------+----------------------+-----
Axes           | 4 5 6 |  6.0
Fighting       | 4 5 |  5.5
Armour         | 3 4 |  4.5
Stealth        | 1 2 |  2.1
Maces & Flails | 1 2 |  2.9
Dodging        | 3 |  3.6

Action                   |  1- 3 |  4- 6 |  7- 9 || total
-------------------------+-------+-------+-------++-------
Melee: Hand axe          |    88 |    58 |       ||   146
       Headbutt          |    13 |    17 |     2 ||    32
       Punch             |       |     3 |       ||     3
       Mace              |       |    36 |    13 ||    49
Invok: Berserk           |     3 |     1 |     1 ||     5
Armor: Animal skin       |     5 |       |       ||     5
       Leather armour    |    11 |       |       ||    11
       Scale mail        |     8 |    45 |     3 ||    56
Dodge: Dodged            |    58 |    46 |     7 ||   111
